 Dungeon Crawl Stone Soup version 0.31.0-11-ge490571c62 (webtiles) character file.

Game seed: 12491460525690565161

4 Aviak the Caller (level 1, 0/13 HPs)
             Began as a Demonspawn Summoner on Jan 26, 2024.
             Slain by a quokka (4 damage)
             ... on level 1 of the Dungeon.
             The game lasted 00:00:22 (70 turns).

Aviak the Caller (Demonspawn Summoner)                Turns: 70, Time: 00:00:23

Health: 0/13       AC:  2    Str:  8    XL:     1   Next: 50%
Magic:  1/3        EV: 12    Int: 15    God:
Gold:   39         SH:  0    Dex: 13    Spells: 3/4 levels left

rFire   . . .        c - +0 trident
rCold   . . .        (no shield)
rNeg    . . .        a - +0 robe
rPois   .            (no helmet)
rElec   .            (no cloak)
rCorr   .            (no gloves)
SInv    .            (no boots)
Will    .....        (no amulet)
Stlth   ++           (no ring)
HPRegen 0.22/turn    (no ring)
MPRegen 0.08/turn

%: no passive effects
@: no status effects
A: no striking features
a: no special abilities


You were on level 1 of the Dungeon.
You visited 1 branch of the dungeon, and saw 1 of its levels.

You collected 39 gold pieces.

Inventory:

Hand Weapons
 c - a +0 trident (weapon)
Armour
 a - a +0 robe (worn)
Scrolls
 e - 3 scrolls of identify {unknown}
Potions
 b - a potion of magic
 d - a potion of invisibility {unknown}


   Skills:
 + Level 1.9 Dodging
 - Level 1.7 Stealth
 + Level 2.1 Spellcasting
 + Level 4.0 Summonings


You had 3 spell levels left.
You knew the following spells:

 Your Spells              Type           Power      Damage    Failure   Level
a - Summon Small Mammal   Summ           52%        N/A       4%          1

Your spell library contained the following spells:

 Spells                   Type           Power      Damage    Failure   Level
 Call Imp                 Summ           26%        N/A       6%          2
 Call Canine Familiar     Summ           13%        N/A       12%         3
 Summon Blazeheart Golem  Fire/Summ      7%         N/A       67%         4
 Summon Lightning Spire   Summ/Air       7%         N/A       67%         4


Dungeon Overview and Level Annotations

Branches:
Dungeon (1/15)

Altars:


Message History

You barely miss the hobgoblin.
The hobgoblin is lightly wounded.
Your bat barely misses the hobgoblin.
The hobgoblin barely misses you.
You closely miss the hobgoblin.
The hobgoblin is lightly wounded.
Your bat barely misses the hobgoblin.
The hobgoblin completely misses you. The goblin hits you but does no damage.
You closely miss the hobgoblin.
The hobgoblin is lightly wounded.
Your bat barely misses the hobgoblin.
The hobgoblin hits you. The goblin closely misses you.
Your bat closely misses the hobgoblin.
Your bat hits the hobgoblin but does no damage.
The hobgoblin attacks as it pursues you!
The hobgoblin barely misses you.
You puncture the hobgoblin!
You kill the hobgoblin!
Your bat closely misses the goblin.
Your bat hits the goblin. You hit the goblin.
You kill the goblin!
Your bat closely misses the frilled lizard.
Your bat barely misses the frilled lizard.
Your bat misses the frilled lizard. You hit the frilled lizard.
You kill the frilled lizard!
Your bat barely misses the quokka.
Your bat closely misses the quokka.
The quokka bites you but does no damage.
You hit the quokka but do no damage.
Your bat barely misses the quokka. x2
The quokka barely misses you.
Your bat hits the quokka but does no damage.
You closely miss the quokka.
Your bat barely misses the quokka.
The quokka closely misses you.
Your bat barely misses the quokka.
The quokka barely misses you.
You hit the quokka but do no damage.
Your bat closely misses the quokka.
Your bat completely misses the quokka.
The quokka bites you.
Your bat hits the quokka but does no damage.
You closely miss the quokka. Your bat hits the quokka.
Your bat hits the quokka but does no damage.
The quokka bites you.
You die...

#.... #....
###....## ......
........# ..... .
........# .......
........# .......
......b.###.....
.......b@...#.#
.......r###...#
...#.....l....#
######r##....#
##.# ...# #######
##..# ..#
##≈.#≈≈######
#..## .#
#~P~~~~P#≈~.###.##
..
.##~~..~.##~[##.##
.


You could see a quokka (ally target) and 2 friendly bats.

Vanquished Creatures
  A hobgoblin (D:1)
  A quokka (D:1)
  A frilled lizard (D:1)
  A goblin (D:1)
4 creatures vanquished.

Notes
Turn   | Place    | Note
-------+----------+-------------------------------------------
     0 | D:1      | Aviak the Demonspawn Summoner began the quest for the Orb.
     0 | D:1      | Reached XP level 1. HP: 13/13 MP: 3/3
    70 | D:1      | Slain by a quokka

Illustrated notes

Levels and vault maps discovered:
D:1:      lemuel_arrival_muddy, layout_basic

Action                     || total
---------------------------++-------
  Melee: Trident           ||    13
   Cast: Summon Small Mamm ||     3
 Armour: Robe              ||    10
  Dodge: Dodged            ||     9
